 Dungeon Crawl Stone Soup version 0.23-a0-241-g3b46b07 (webtiles) character file.

107 galech the Skirmisher (level 4, -11/37 HPs)
             Began as a Demonspawn Fighter on Sept 26, 2018.
             Killed by nerve-wracking pain
             ... invoked by Grinder
              (13 damage)
             ... on level 3 of the Dungeon.
             The game lasted 00:03:35 (2514 turns).

galech the Skirmisher (Demonspawn Fighter)          Turns: 2514, Time: 00:03:35

Health: -11/37     AC: 13    Str: 17    XL:     4   Next: 57%
Magic:  4/4        EV:  6    Int:  9    God:
Gold:   132        SH: 10    Dex: 13    Spells: 3/3 levels left

rFire    . . .     SeeInvis .   a - +0 war axe
rCold    . . .     Gourm    .   c - +1 shield
rNeg     . . .     Faith    .   p - +0 chain mail (curse)
rPois    .         Spirit   .   (no helmet)
rElec    .         Reflect  .   b - scarf {repulsion}
rCorr    .         Harm     .   (no gloves)
MR       .....                  (no boots)
Stlth    ..........             (no amulet)
HPRegen  0.12/turn              k - +4 ring of protection
MPRegen  0.09/turn              (no ring)

@: repel missiles
A: repulsion field 1, nightstalker 1
a: no special abilities


You were on level 3 of the Dungeon.
You were not hungry.

You visited 1 branch of the dungeon, and saw 3 of its levels.

You collected 132 gold pieces.

Inventory:

Hand Weapons
 a - a +0 war axe (weapon)
Armour
 b - a scarf of repulsion (worn)
 c - a +1 shield (worn)
 p - a cursed +0 chain mail (worn)
Jewellery
 k - a +4 ring of protection (left hand)
Scrolls
 e - a scroll of immolation
 g - a scroll of remove curse
 j - 4 scrolls of identify
 r - a scroll of random uselessness {unknown}
 s - a scroll of enchant weapon {unknown}
 t - a scroll of enchant armour
 u - 3 scrolls of magic mapping {unknown}
Potions
 d - 3 potions of might
 h - a potion of cancellation {unknown}
 i - a potion of lignification {unknown}
 l - a potion of ambrosia {unknown}
 m - a potion of flight {unknown}
 n - 2 potions of curing {unknown}
 o - 3 potions of heal wounds {unknown}
 q - a potion of resistance
Comestibles
 f - 5 rations
 v - a chunk of flesh


   Skills:
 + Level 3.7 Fighting
 + Level 3.0 Axes
 + Level 3.2 Armour
 + Level 0.3 Dodging
 + Level 3.1 Shields


You had 3 spell levels left.
You didn't know any spells.
Your spell library was empty.

Dungeon Overview and Level Annotations

Branches:
Dungeon (3/15)

Altars:
Elyvilon
Yredelemnul

Annotations:
D:3 2 runed doors, Grinder; nht's ghost, amateur OpBe


Innate Abilities, Weirdness & Mutations

You are surrounded by a mild repulsion field. (EV +2)
You are slightly more attuned to the shadows.


Message History

Grinder gestures at you.
You barely resist.
You can move again.
You slash Grinder!
Grinder is heavily wounded.
Grinder hits you but does no damage. Grinder hits you!
* * * LOW HITPOINT WARNING * * *
You barely miss Grinder.
Grinder is heavily wounded.
Grinder hits you but does no damage.
A frilled lizard comes into view.
You closely miss Grinder.
Grinder is heavily wounded.
Grinder hits you.
* * * LOW HITPOINT WARNING * * *
You writhe in agony.
* * * LOW HITPOINT WARNING * * *
Grinder gestures at you. Pain shoots through your body!
You die...

...... #.# . ###..
.... #.#.# # # .....
#?#.#.# #
.....##'#.#.#. #
....#........ #
............. # #
#......... #######.#
#..5...... ........#
#).@.#....
........######....#
##.
........#...##.#..#
........#....#.#..#
........#...<.....#
........#....#.#..#
......(.#.#..#.#....
#########....#.#
#..#
...............# ...


You could see Grinder.

Vanquished Creatures
  3 adders (D:3)
  A worm (D:2)
  2 dart slugs (D:1)
  A leopard gecko (D:3)
  An orc (D:3)
  2 ball pythons
  4 bats
  9 giant cockroaches
  5 goblins
  11 hobgoblins
  4 jackals (D:2)
  2 frilled lizards (D:3)
  8 kobolds
  14 rats
67 creatures vanquished.

Notes
Turn   | Place    | Note
-------+----------+-------------------------------------------
     0 | D:1      | galech the Demonspawn Fighter began the quest for the Orb.
     0 | D:1      | Reached XP level 1. HP: 18/18 MP: 1/1
    25 | D:1      | Gained mutation: You are surrounded by a mild repulsion
                  | field. (EV +2) [demonic ancestry]
    25 | D:1      | Reached XP level 2. HP: 18/24 MP: 2/2
   526 | D:1      | Reached XP level 3. HP: 29/29 MP: 3/3
   953 | D:2      | Found a basalt altar of Yredelemnul.
  1452 | D:2      | Found a white marble altar of Elyvilon.
  1542 | D:3      | Noticed Grinder
  1860 | D:3      | Gained mutation: You are slightly more attuned to the
                  | shadows. [demonic ancestry]
  1860 | D:3      | Reached XP level 4. HP: 35/35 MP: 4/4
  2462 | D:3      | Found a large runed door.
  2464 | D:3      | Found a large runed door.
  2468 | D:3      | Noticed nht's ghost (amateur OpBe)
  2502 | D:3      | Paralysed by Grinder for 2 turns
  2507 | D:3      | Paralysed by Grinder for 5 turns
  2514 | D:3      | Killed from afar by Grinder

Vault maps used:
D:1:      grunt_arrival_lava_bath
D:2:      minmay_roachtagon, nicolae_overflow_hidden_temple, lemuel_doored_altar
D:3:      ebering_ghost_disaster_area, uniq_grinder

Skill      XL: |  1  2  3  4 |
---------------+-------------+-----
Axes           | 2 3 |  3.0
Shields        | 3 |  3.1
Armour         | 3 |  3.2
Fighting       | |  3.7
Dodging        | |  0.3

Action                   |  1- 3 |  4- 6 || total
-------------------------+-------+-------++-------
Melee: War axe           |   153 |    77 ||   230
  Use: Scroll            |     4 |       ||     4
  Eat: Chunk             |     3 |     3 ||     6
Armor: Scale mail        |    35 |       ||    35
       Chain mail        |    54 |    48 ||   102
Dodge: Dodged            |    41 |    26 ||    67
Block: Shield            |    97 |    37 ||   134

Table legend:
 A = Non-vault XP
 B = Vault XP
 C = Vault XP percentage of total XP
 D = Non-vault monster count
 E = Vault monster count
 F = Vault count percentage of total count
                 A         B        C        D         E       F
            +---------+---------+-------+---------+---------+-------
      Total |     140 |      14 |   9.1 |      60 |       7 |  10.4
            +---------+---------+-------+---------+---------+-------
        D:1 |      45 |       0 |   0.0 |      25 |       0 |   0.0
        D:2 |      31 |      14 |  31.1 |      17 |       7 |  29.2
        D:3 |      64 |       0 |   0.0 |      18 |       0 |   0.0
            +---------+---------+-------+---------+---------+-------
